Map: Ascension to Aiur LE

Players

Strange - Winner!

  • Race: Protoss Protoss
  • Spawn Location: 5:00

Indy

  • Race: Protoss Protoss
  • Spawn Location: 11:00

Event: WCS Valencia 2017

VOD

Have the link to the VOD?

Description

Time

  • Played on: July 13, 2017, 7:57 a.m.
  • Length: 9:21

All games in this series

Show
View Real Time Build Order
Export as new Build Order

Strange Protoss - Winner!

Build Orders:  

Get SALT Encoding   

  12  0:00  Probe (Chrono Boost)  
  13  0:11  Probe (Chrono Boost)  
  14  0:17  Pylon  
  14  0:22  Probe (Chrono Boost)  
  16  0:35  Probe (Chrono Boost)  
  16  0:36  Gateway  
  16  0:42  Assimilator  
  16  0:46  Probe (Chrono Boost)  
  17  0:51  Assimilator  
  17  0:56  Probe (Chrono Boost)  
  18  1:07  Probe (Chrono Boost), Gateway  
  19  1:17  Probe (Chrono Boost)  
  20  1:23  Cybernetics Core  
  20  1:28  Probe (Chrono Boost)  
  20  1:32  Pylon  
  21  1:38  Probe (Chrono Boost)  
  22  1:49  Probe (Chrono Boost)  
  23  1:59  Stalker x2  
  29  2:01  Mothership Core (Chrono Boost)  
  29  2:09  Pylon  
  29  2:12  Warp Gate (Chrono Boost)  
  29  2:20  Probe  
  30  2:41  Nexus  
  30  2:50  Stalker  
  32  2:56  Stalker  
  34  3:00  Probe  
  35  3:08  Pylon  
  35  3:12  Probe  
  36  3:24  Probe  
  36  3:26  Robotics Facility  
  37  3:35  Sentry x2  
  37  3:36  Probe  
  42  3:46  Twilight Council  
  43  3:48  Probe (Chrono Boost)  
  43  3:53  Probe (Chrono Boost)  
  44  4:00  Probe (Chrono Boost)  
  45  4:04  Probe (Chrono Boost)  
  46  4:11  Probe (Chrono Boost)  
  46  4:12  Observer (Chrono Boost)  
  46  4:13  Probe  
  46  4:15  Blink (Chrono Boost)  
  49  4:22  Probe  
  50  4:25  Probe  
  50  4:29  Forge  
  51  4:34  Probe (Chrono Boost)  
  53  4:39  Probe (Chrono Boost)  
  53  4:44  Nexus  
  53  4:46  Probe (Chrono Boost)  
  53  4:51  Probe (Chrono Boost)  
  53  4:52  Pylon  
  55  4:53  Sentry  
  55  4:56  Probe (Chrono Boost)  
  55  4:57  Observer  
  59  5:03  Probe (Chrono Boost)  
  59  5:04  Protoss Ground Weapons Level 1 (Chrono Boost)  
  59  5:07  Probe (Chrono Boost), Assimilator  
  61  5:11  Assimilator  
  61  5:13  Probe  
  62  5:18  Probe  
  63  5:25  Probe  
  63  5:26  Gateway  
  63  5:27  Gateway  
  64  5:30  Probe  
  64  5:32  Pylon  
  65  5:37  Immortal (Chrono Boost)  
  65  5:38  Probe  
  70  5:45  Pylon  
  70  5:50  Probe x2  
  72  5:57  Probe  
  72  6:02  Pylon, Probe x2  
  75  6:08  Probe  
  76  6:12  Immortal (Chrono Boost)  
  76  6:14  Probe x2  
  76  6:18  Probe  
  82  6:20  Assimilator  
  82  6:21  Stalker x2  
  87  6:25  Assimilator  
  87  6:26  Probe x2  
  89  6:34  Gateway  
  89  6:35  Gateway  
  89  6:36  Gateway  
  89  6:37  Gateway  
  89  6:43  Probe, Protoss Ground Weapons Level 2  
  89  6:45  Sentry x2  
  89  6:46  Warp Prism (Chrono Boost)  
  89  6:47  Sentry  
  98  6:51  Pylon  
  98  6:54  Stalker  
  100  7:18  Stalker x4, Immortal (Chrono Boost)  
  112  7:23  Pylon  
  112  7:33  Stalker x2  
  112  7:36  Pylon  
  116  7:40  Pylon, Photon Cannon  
  116  7:41  Photon Cannon  
  116  7:44  Photon Cannon  
  116  7:57  Stalker x5  
  116  7:58  Stalker x2  
  122  8:14  Pylon  
  122  8:20  Stalker x4  
  122  8:21  Stalker x3  
  124  8:44  Stalker x4  
  124  8:45  Stalker  
  119  8:58  Probe, Stalker x3  
  119  9:00  Probe x2  
Show
View Real Time Build Order
Export as new Build Order

Indy Protoss 

Build Orders:  

Get SALT Encoding   

  12  0:00  Probe (Chrono Boost)  
  13  0:11  Probe (Chrono Boost)  
  14  0:19  Pylon  
  14  0:22  Probe (Chrono Boost)  
  15  0:37  Probe (Chrono Boost)  
  15  0:38  Gateway  
  16  0:47  Assimilator  
  16  0:48  Probe (Chrono Boost)  
  17  0:51  Assimilator  
  17  0:58  Probe (Chrono Boost)  
  17  1:04  Gateway  
  18  1:09  Probe (Chrono Boost)  
  19  1:19  Probe (Chrono Boost)  
  19  1:24  Cybernetics Core  
  20  1:30  Probe (Chrono Boost)  
  21  1:38  Pylon  
  21  1:40  Probe (Chrono Boost)  
  22  1:51  Probe (Chrono Boost)  
  23  2:01  Stalker, Warp Gate (Chrono Boost)  
  23  2:02  Mothership Core (Chrono Boost)  
  27  2:10  Stalker  
  29  2:17  Pylon  
  29  2:20  Probe (Chrono Boost)  
  30  2:43  Nexus  
  30  2:47  Probe  
  30  2:48  Sentry  
  33  2:59  Probe (Chrono Boost)  
  33  3:02  Pylon  
  34  3:05  Stalker  
  34  3:11  Probe (Chrono Boost)  
  37  3:22  Probe (Chrono Boost)  
  37  3:25  Robotics Facility  
  38  3:32  Probe (Chrono Boost)  
  39  3:43  Probe (Chrono Boost)  
  39  3:46  Twilight Council  
  40  3:53  Probe (Chrono Boost)  
  41  3:56  Probe (Chrono Boost)  
  41  4:01  Sentry, Stalker  
  46  4:04  Probe (Chrono Boost)  
  46  4:06  Probe (Chrono Boost)  
  48  4:13  Observer  
  48  4:14  Probe (Chrono Boost)  
  51  4:17  Probe (Chrono Boost)  
  51  4:24  Blink (Chrono Boost)  
  51  4:26  Probe (Chrono Boost)  
  51  4:27  Probe (Chrono Boost)  
  53  4:40  Probe  
  53  4:42  Probe, Immortal  
  53  4:45  Pylon  
  59  4:51  Nexus  
  59  4:55  Probe  
  59  4:56  Probe  
  61  5:00  Forge  
  61  5:06  Gateway  
  61  5:08  Sentry  
  61  5:09  Probe  
  61  5:10  Probe  
  61  5:13  Pylon  
  65  5:19  Assimilator  
  65  5:20  Assimilator  
  65  5:22  Probe  
  65  5:24  Probe  
  65  5:28  Immortal  
  67  5:34  Probe  
  72  5:36  Probe  
  72  5:38  Protoss Ground Weapons Level 1 (Chrono Boost)  
  73  5:45  Pylon  
  73  5:46  Probe  
  73  5:48  Probe  
  75  5:58  Probe  
  75  5:59  Pylon  
  75  6:00  Probe  
  75  6:02  Immortal  
  77  6:04  Probe  
  77  6:10  Probe  
  83  6:11  Sentry  
  83  6:12  Probe  
  83  6:13  Sentry  
  83  6:15  Probe  
  89  6:23  Gateway  
  89  6:24  Gateway  
  89  6:25  Probe  
  89  6:27  Probe x2  
  89  6:31  Robotics Facility  
  92  6:36  Probe  
  92  6:37  Warp Prism  
  92  6:38  Dark Shrine  
  92  6:39  Probe x2  
  97  6:49  Gateway  
  97  6:52  Gateway  
  97  6:55  Gateway  
  97  6:59  Probe x3, Assimilator  
  97  7:01  Assimilator  
  100  7:04  Stalker  
  100  7:05  Sentry  
  104  7:09  Stalker  
  106  7:20  Robotics Bay  
  106  7:22  Probe  
  106  7:23  Probe x2  
  106  7:27  Photon Cannon  
  106  7:29  Photon Cannon, Pylon  
  109  7:45  Observer  
  110  7:52  Dark Templar x3  
  98  8:02  Stalker x5  
  98  8:24  Pylon  
  98  8:25  Pylon, Stalker  
  98  8:26  Stalker x7  
  101  8:47  Observer  
  84  8:50  Dark Templar  
  84  8:51  Zealot, Dark Templar  
  84  8:52  Zealot x5, Probe  
  84  8:53  Probe  
  74  9:05  Pylon  
  74  9:06  Pylon  
  73  9:14  Stalker x2  
Tags
 
Add a new tag
Caveats
  • Supply blocks, unpowered buildings, or Contaminate may cause inaccurate times.
  • Supply counts are checked every 10 seconds.